[Event "*** Titled Tuesday Blitz"]
[Site "Chess.com"]
[Date "2020.12.29"]
[Round "3"]
[White "Astaneh"]
[Black "StockholmMissile"]
[Result "1-0"]
[WhiteElo "2607"]
[BlackElo "2410"]
[TimeControl "180+1"]
[EndTime "10:27:33 PST"]
[Termination "Astaneh won on time"]

1. e4 e5 2. Nf3 Nc6 3. Bc4 Bc5 4. O-O Nf6 5. Re1 O-O 6. c3 d6 7. d4 Bb6 8. Bg5 h6 9. Bh4 Bg4 10. h3 Bxf3 11. Qxf3 exd4 12. Bb3 Ne5 13. Qf5 Qd7 14.
Bxf6 Qxf5 15. exf5 gxf6 16. Rd1 dxc3 17. Nxc3 Rfd8 18.
Rac1 Kg7 19. Nd5 c6 20. Nf4 d5 21. Nh5+ Kh8 22. Nxf6 Nd7 23. Nh5 Re8 24. Re1 Nc5 25.
Nf6 Rxe1+ 26. Rxe1 Kg7 27. Nh5+ Kf8 28. Bc2 Re8 29. Kf1 Rxe1+ 30. Kxe1 Nd7 31. Ke2 Bd4 32. b3 Nf6 33. Nf4 Be5 34. Nd3 Bd4 35. f3 Ke7 36. g4 c5 37. Nf4 b5 38. h4 Be5 39. Nd3 Bd4 40. g5 hxg5 41. hxg5 Nd7 42. f6+ Kd6 43. f4 c4 44. Ne1 a5 45. Bf5 Nf8 46. Nf3 Ba1 47.
a4 cxb3 48. axb5 a4 49. b6 a3 50. Nd2 b2 51. Bb1 Kc6 52. Ba2 Kxb6 53. Bxd5 1-0

[Event "*** Titled Tuesday Blitz"]
[Site "Chess.com"]
[Date "2020.12.29"]
[Round "3"]
[White "RobPeresian"]
[Black "ShimanovAlex"]
[Result "0-1"]
[WhiteElo "2452"]
[BlackElo "2839"]
[TimeControl "180+1"]
[EndTime "10:27:35 PST"]
[Termination "ShimanovAlex won by resignation"]

1. Nf3 d5 2. d4 Nc6 3. g3 Bf5 4.
c3 Qd7 5. h3 O-O-O 6. Bg2 h5 7.
b4 f6 8. Nbd2 g5 9. Nb3 e6 10.
b5 Nb8 11. a4 Qh7 12. Ra2 Bd6 13. a5 Ne7 14. Be3 Nd7 15. Nc5 Kb8 16. Qb3 Nc8 17. Nd2 Bxc5 18. dxc5 Ne5 19. c6 b6 20. axb6 cxb6 21.
c4 d4 22. c5 dxe3 23. Qxe3 Qc7 24. O-O h4 25. g4 Bxg4 26. hxg4 Nxg4 27. Qh3 f5 28. f4 gxf4 29. Nf3 Ne3 30. Rf2 Rd1+ 31. Bf1 Rg8+ 32. Kh2 Qg7 33. Qxh4 Qg3+ 34. Qxg3 fxg3+ 0-1

[Event "*** Titled Tuesday Blitz"]
[Site "Chess.com"]
[Date "2020.12.29"]
[Round "3"]
[White "Firegrizzly"]
[Black "Efremov_Vlad"]
[Result "1-0"]
[WhiteElo "2603"]
[BlackElo "2272"]
[TimeControl "180+1"]
[EndTime "10:27:37 PST"]
[Termination "Firegrizzly won by checkmate"]

1. d4 d5 2. Nf3 Nf6 3. Bf4 c5 4. dxc5 Nc6 5. e3 e6 6. Bb5 Bxc5 7. O-O O-O 8. Nbd2 a6 9. Bd3 Re8 10. Bg5 h6 11. Bh4 e5 12. e4 d4 13. a3 Be7 14. Bg3 Nd7 15. Bc4 b5 16. Ba2 Bf6 17. Ne1 Nb6 18. Qh5 Be6 19. Bxe6 Rxe6 20. Nd3 Nc4 21. Nf3 Qe8 22. b3 Nd6 23. a4 Nxe4 24. axb5 Nxg3 25. hxg3 axb5 26. Nc5 Rxa1 27. Rxa1 Re7 28.
Ne4 Re6 29. g4 Nb4 30. Ra7 Nxc2 31. Qf5 d3 32. Nxf6+ Rxf6 33. Qxd3 Nd4 34. Nd2 Rc6 35. Qe4 Qb8 36. Re7 f6 37. Kh2 Qf8 38. Rb7 Qc8 39. Qd5+ Kh7 40. Rd7 Qg8 41. Qe4+ Kh8 42. Qg6 Qc8 43.
Qxg7# 1-0

[Event "*** Titled Tuesday Blitz"]
[Site "Chess.com"]
[Date "2020.12.29"]
[Round "3"]
[White "tigra"]
[Black "JustKid"]
[Result "1-0"]
[WhiteElo "2825"]
[BlackElo "2605"]
[TimeControl "180+1"]
[EndTime "10:27:38 PST"]
[Termination "tigra won by resignation"]

1. Nf3 d5 2. c4 e6 3. b3 c5 4. cxd5 exd5 5. d4 Nc6 6. e3 Nf6 7. Be2 Be7 8. O-O O-O 9. Bb2 Re8 10. Nc3 Bg4 11. dxc5 Bxc5 12. Rc1 Bf8 13. Nb5 Ne4 14. h3 Be6 15. Nbd4 Bd7 16. Nxc6 bxc6 17. Ne5 Rc8 18.
Bg4 Bxg4 19. Qxg4 Qd6 20. Rfd1 Rc7 21. Nf3 a5 22. g3 h6 23. Kg2 Re6 24. Qf4 Qxf4 25. exf4 Bc5 26. Bd4 Bxd4 27. Nxd4 Rf6 28. f3 Nd6 29. Rxc6 Rxc6 30. Nxc6 Nf5 31. Rc1 Re6 32. Kf2 d4 33. g4 Ne7 34. Nxd4 Rd6 35. Rc4 Nd5 36. Nf5 Rd8 37. Rd4 Kf8 38. Ne3 1-0

[Event "*** Titled Tuesday Blitz"]
[Site "Chess.com"]
[Date "2020.12.29"]
[Round "3"]
[White "bocah_sakit"]
[Black "biostatistician"]
[Result "1-0"]
[WhiteElo "2821"]
[BlackElo "2605"]
[TimeControl "180+1"]
[EndTime "10:27:38 PST"]
[Termination "bocah_sakit won by resignation"]

1. e4 e6 2. d4 d5 3. Nc3 Nc6 4. Nf3 Nf6 5. e5 Ne4 6. Ne2 f6 7. Ng3 f5 8. c3 Be7 9. Bb5 O-O 10.
h4 Bd7 11. Bd3 Be8 12. Bf4 Bf7 13. Qe2 Qe8 14. O-O-O Bh5 15. Qe3 a6 16. Rdg1 Nd8 17. Nxh5 Qxh5 18. Ng5 h6 19. g4 fxg4 20. Nxe4 dxe4 21.
Qxe4 Qf5 22. Be3 Qxe4 23. Bxe4 h5 24. Rg3 c6 25. f3 gxf3 26. Bxf3 Rf5 27. Be4 Rf8 28.
Rhg1 Rf7 29. Bg6 Bf8 30. Bxh5 Rd7 31. Be8 Re7 32. Bg6 Rc8 33. h5 Kh8 34. Bg5 Rec7 35. Rf3 Kg8 36. Rgf1 1-0

[Event "*** Titled Tuesday Blitz"]
[Site "Chess.com"]
[Date "2020.12.29"]
[Round "3"]
[White "SARGISMV"]
[Black "carloseduar100"]
[Result "0-1"]
[WhiteElo "2460"]
[BlackElo "2107"]
[TimeControl "180+1"]
[EndTime "10:27:38 PST"]
[Termination "carloseduar100 won by resignation"]

1. d4 d5 2. c4 e5 3. dxe5 d4 4. Nf3 Nc6 5. a3 Nge7 6. Nbd2 Bg4 7. b4 Ng6 8. Bb2 Ngxe5 9. Qb3 Bxf3 10. Nxf3 Nxf3+ 11. gxf3 Qd7 12. O-O-O O-O-O 13. h4 Kb8 14. e3 Qf5 15.
exd4 Qf4+ 16. Qe3 Bd6 17. d5 Rhe8 18. Qxf4 Bxf4+ 19. Kc2 Ne5 20. Bxe5 Rxe5 21. Bd3 Rde8 22. Rdg1 g6 23. h5 b5 24. hxg6 hxg6 25. Rh7 bxc4 26. Bxc4 R8e7 27. Kb3 Kb7 28. Rd1 Rf5 29. Bb5 Be5 30.
Bc6+ Kb6 31. Rh8 Bxh8 32. a4 Rxf3+ 33. Ka2 Re2+ 34. Kb1 Rb3+ 35. Kc1 Rxb4 0-1

[Event "*** Titled Tuesday Blitz"]
[Site "Chess.com"]
[Date "2020.12.29"]
[Round "3"]
[White "grunbergmihai"]
[Black "dozer80"]
[Result "1-0"]
[WhiteElo "2431"]
[BlackElo "2611"]
[TimeControl "180+1"]
[EndTime "10:27:39 PST"]
[Termination "grunbergmihai won by resignation"]

1. Nf3 Nf6 2. c4 g6 3. g3 Bg7 4. Bg2 O-O 5. O-O c6 6. d4 d6 7. Nc3 Bf5 8. b3 Ne4 9. Bb2 Nxc3 10. Bxc3 Be4 11. Re1 c5 12. e3 Nc6 13. Qd2 a6 14. Rad1 cxd4 15. Nxd4 Bxg2 16. Kxg2 Ne5 17. Nf3 Nxf3 18.
Kxf3 b5 19. Bxg7 Kxg7 20. Rc1 Rc8 21. Qd3 Qa5 22. Re2 Kg8 23. Kg2 Rc5 24. Rec2 b4 25. h4 Qc7 26. a3 bxa3 27. Ra1 Ra5 28. Rca2 Qc5 29. Qc3 Rb8 30. Rb1 Qb4 31. Qxb4 Rxb4 32. Kf3 Kg7 33. Ke2 e6 34. Kd3 d5 35. Kc3 Raa4 36.
cxd5 exd5 37. Rba1 Rc4+ 38. bxc4 Rxc4+ 39. Kd3 1-0

[Event "*** Titled Tuesday Blitz"]
[Site "Chess.com"]
[Date "2020.12.29"]
[Round "3"]
[White "1g41-0"]
[Black "dretch"]
[Result "0-1"]
[WhiteElo "2616"]
[BlackElo "2842"]
[TimeControl "180+1"]
[EndTime "10:27:40 PST"]
[Termination "dretch won by resignation"]

1. d4 d5 2. c4 c6 3. Nc3 dxc4 4. e4 b5 5. Nf3 Nf6 6. e5 Nd5 7. a4 e6 8. Be2 Be7 9. O-O Bb7 10. Ne4 h6 11. b3 c3 12. axb5 O-O 13. Ba3 Bxa3 14. Rxa3 cxb5 15. Bxb5 Qb6 16. Nd6 Nb4 17. Bc4 c2 18.
Qe2 Bxf3 19. Qxf3 N8c6 20. Nxf7 Nxd4 21. Nxh6+ gxh6 22. Qg4+ Kh7 23. Qe4+ Kh8 24. Qh4 Nf5 25. Qe4 Rad8 26. Raa1 Qd4 27. Qb7 Qxa1 28. Rxa1 Rd1+ 29. Bf1 Rxa1 30. Qxb4 Rxf1+ 0-1

[Event "*** Titled Tuesday Blitz"]
[Site "Chess.com"]
[Date "2020.12.29"]
[Round "3"]
[White "sorrm8thatscheckm8"]
[Black "norwaytoadog"]
[Result "1-0"]
[WhiteElo "2498"]
[BlackElo "2200"]
[TimeControl "180+1"]
[EndTime "10:27:48 PST"]
[Termination "sorrm8thatscheckm8 won on time"]

1. d4 d5 2. c4 c6 3. cxd5 cxd5 4. Nc3 Nf6 5. f3 a6 6. e4 dxe4 7. fxe4 e5 8. dxe5 Ng4 9. Qxd8+ Kxd8 10. Nf3 Nc6 11. Bg5+ Be7 12. O-O-O+ Ke8 13. Bxe7 Nxe7 14. Rd2 Be6 15. h3 Ne3 16. Bd3 Rc8 17. Re1 Nc4 18.
Bxc4 Bxc4 19. Kb1 b5 20. Nd5 h5 21. b3 Bxd5 22. exd5 Rd8 23. d6 Nc6 24. Ng5 h4 25. e6 fxe6 26. Nxe6 Kf7 27. Rf2+ Kg6 28. Nxd8 Rxd8 29. d7 Nd4 30. Rd2 Nf5 31. Re8 1-0

[Event "*** Titled Tuesday Blitz"]
[Site "Chess.com"]
[Date "2020.12.29"]
[Round "3"]
[White "northridgehawk"]
[Black "ChessArchitect64"]
[Result "1-0"]
[WhiteElo "2322"]
[BlackElo "2083"]
[TimeControl "180+1"]
[EndTime "10:27:48 PST"]
[Termination "northridgehawk won on time"]

1. e4 c5 2. Nf3 d6 3. d4 cxd4 4.
Nxd4 Nf6 5. Nc3 Nc6 6. f3 e6 7.
Be3 Be7 8. Qd2 O-O 9. O-O-O a6 10. h4 Qc7 11. g4 Nxd4 12. Bxd4 e5 13. Be3 Be6 14.
h5 b5 15. g5 Nd7 16. Bh3 b4 17. Nd5 Bxd5 18. exd5 Nc5 19. Kb1 Na4 20. g6 Nc3+ 21. Ka1 Qa5 22. bxc3 bxc3 23. Qd3 Rfb8 24. gxf7+ Kh8 25. h6 g6 26. Rb1 Qa3 27. Bb6 Rb7 28. Rb3 Qa4 29. Qxc3 Rab8 30. Rhb1 Bf8 31. f4 Bxh6 32.
fxe5 Bg7 33. Bd4 Rxb3 34. Rxb3 Rxb3 35. cxb3 1-0

[Event "*** Titled Tuesday Blitz"]
[Site "Chess.com"]
[Date "2020.12.29"]
[Round "3"]
[White "IMUffeVinther-Schou"]
[Black "tjychess"]
[Result "0-1"]
[WhiteElo "2388"]
[BlackElo "2734"]
[TimeControl "180+1"]
[EndTime "10:27:49 PST"]
[Termination "tjychess won on time"]

1. e4 e5 2. Nf3 Nc6 3. Bc4 Nf6 4. Ng5 d5 5. exd5 Na5 6. Bb5+ c6 7. dxc6 bxc6 8. Qf3 Be7 9. Bxc6+ Nxc6 10. Qxc6+ Bd7 11. Qf3 Rc8 12. Nc3 O-O 13. O-O Ng4 14. Nh3 f5 15. d3 Bc6 16. Qe2 Bd6 17. Ng5 Qd7 18. h3 Nf6 19. f4 Rce8 20. fxe5 Bxe5 21. Qd1 Qd4+ 22. Kh1 Bc7 23. Nf3 Qd6 24. Qd2 Nh5 0-1

[Event "*** Titled Tuesday Blitz"]
[Site "Chess.com"]
[Date "2020.12.29"]
[Round "3"]
[White "Abdimalik_Abdisalimov"]
[Black "Chuchofrio1"]
[Result "0-1"]
[WhiteElo "2442"]
[BlackElo "2281"]
[TimeControl "180+1"]
[EndTime "10:27:50 PST"]
[Termination "Chuchofrio1 won on time"]

1. d4 d5 2. c4 e6 3. Nf3 Nf6 4. g3 Bb4+ 5. Bd2 Be7 6. Bg2 O-O 7. O-O c6 8. Qc2 Nbd7 9. Rd1 a5 10. b3 Ne4 11. Nc3 f5 12. Ne5 Nxe5 13. dxe5 Qe8 14.
f3 Ng5 15. f4 Ne4 16. Nxe4 fxe4 17. Bc3 Qh5 18. e3 Bd7 19. Bxe4 Be8 20. Bg2 Bg6 21. Qd2 b5 22. cxb5 cxb5 23. Bxa5 Bc5 24. Bc3 Bf5 25. Bd4 Be7 26. Rac1 Rac8 27. Rxc8 Rxc8 28.
Rc1 Rxc1+ 29. Qxc1 Qe2 30. a4 Bb4 31. axb5 Bd2 32.
Qf1 Bxe3+ 33. Bxe3 Qxe3+ 34. Kh1 Qxb3 35. h3 Bd3 36. Qf2 Qxb5 37. Kh2 h6 38. Qe3 Qc4 39. Qa7 Be4 40. Qd7 Qc2 0-1

[Event "*** Titled Tuesday Blitz"]
[Site "Chess.com"]
[Date "2020.12.29"]
[Round "3"]
[White "AlleyOoper"]
[Black "jacky72"]
[Result "1-0"]
[WhiteElo "2617"]
[BlackElo "2798"]
[TimeControl "180+1"]
[EndTime "10:27:51 PST"]
[Termination "AlleyOoper won by checkmate"]

1. d4 Nf6 2. Nc3 d5 3. Bf4 e6 4.
Nb5 Na6 5. a3 c6 6. Nc3 Bd6 7.
e3 O-O 8. Nf3 Nc7 9. Bd3 Bxf4 10. exf4 Qd6 11. Ne5 c5 12. dxc5 Qxc5 13. Qd2 b6 14.
O-O Ba6 15. b4 Qe7 16. b5 Bb7 17. Ne2 Nd7 18. Nd4 Nc5 19. Rfe1 a6 20. a4 Qd6 21.
Qe3 axb5 22. axb5 Ne4 23. Rad1 Ra3 24. Qh3 f5 25. Re3 Rfa8 26. Nxf5 exf5 27. Qxf5 Qe6 28. Bxe4 Rxe3 29. Qxh7+ Kf8 30. Qh8+ Ke7 31. Qxg7+ Kd6 32.
Nc4+ Kc5 33. Qxc7+ Kxb5 34. Nd6+ Qxd6 35. Qxd6 Rxe4 36. h3 Rae8 37. Rb1+ Kc4 38. Qxb6 Kc3 39. Qb3+ Kd2 40. Qd3# 1-0

[Event "*** Titled Tuesday Blitz"]
[Site "Chess.com"]
[Date "2020.12.29"]
[Round "3"]
[White "RamyresCoelho"]
[Black "No_t_ime_to_die"]
[Result "0-1"]
[WhiteElo "2100"]
[BlackElo "2478"]
[TimeControl "180+1"]
[EndTime "10:27:51 PST"]
[Termination "No_t_ime_to_die won by resignation"]

1. e4 c5 2. Nf3 Nc6 3. d4 cxd4 4. Nxd4 g6 5. Nc3 Bg7 6. Be3 Nf6 7. Bc4 d6 8. Bb3 Ng4 9. Nxc6 bxc6 10. Qf3 Ne5 11.
Qe2 O-O 12. O-O Qa5 13. h3 Ba6 14. Qd2 Bxf1 15. Rxf1 Qa6 16. f4 Nd7 17. f5 Ne5 18.
fxg6 hxg6 19. Bh6 Qb6+ 20. Kh1 Qa6 21. Rf2 Nc4 22. Qg5 Qb6 23. Rxf7 Rxf7 24. Bxc4 d5 25. Nxd5 cxd5 26. Bxd5 Qxb2 27. Bxa8 Qa1+ 28. Qc1 Qxc1+ 29. Bxc1 Rf1+ 30. Kh2 Rxc1 31. Bd5+ Kf8 0-1

[Event "*** Titled Tuesday Blitz"]
[Site "Chess.com"]
[Date "2020.12.29"]
[Round "3"]
[White "Harsha_Bharathakoti"]
[Black "Jadeit90"]
[Result "1-0"]
[WhiteElo "2818"]
[BlackElo "2354"]
[TimeControl "180+1"]
[EndTime "10:27:52 PST"]
[Termination "Harsha_Bharathakoti won by resignation"]

1. c4 Nf6 2. Nc3 g6 3. e4 d6 4.
d4 Bg7 5. Be2 O-O 6. Bg5 c6 7.
Qd2 a6 8. a4 Nbd7 9. Bh6 e5 10.
Bxg7 Kxg7 11. Nf3 Qe7 12. O-O Rd8 13. a5 Nf8 14. d5 c5 15. Rab1 Bg4 16. Ne1 Bxe2 17.
Qxe2 Nh5 18. Nd3 Nd7 19. b4 Rac8 20. Na4 cxb4 21. Rxb4 Rc7 22. Rfb1 Nf4 23. Nxf4 exf4 24. Rxb7 Rdc8 25. Rxc7 Rxc7 26. f3 Qe5 27. Nb6 Qd4+ 28. Qf2 Qd3 29. Qb2+ Kh6 30. Nxd7 Rxd7 31. Qc1 Kg5 32.
h4+ Kf6 33. Qxf4+ Kg7 34. Rb6 Qxc4 35. Kh2 Qc5 36. Rxa6 h5 37. Rc6 Qxa5 38. Rxd6 Qc7 39. e5 Rxd6 40. exd6 Qd7 41. Qe5+ Kh7 42. Qf6 Kg8 43.
Qe7 Qf5 44. d7 Qf4+ 45. Kh3 Qf5+ 46. Kg3 1-0

[Event "*** Titled Tuesday Blitz"]
[Site "Chess.com"]
[Date "2020.12.29"]
[Round "3"]
[White "Savva09022009"]
[Black "joppie2"]
[Result "0-1"]
[WhiteElo "2637"]
[BlackElo "2885"]
[TimeControl "180+1"]
[EndTime "10:27:54 PST"]
[Termination "joppie2 won by checkmate"]

1. d4 e6 2. Nc3 d5 3. Bf4 Nf6 4. e3 Be7 5. Nf3 O-O 6. Bd3 c5 7. dxc5 Bxc5 8. O-O Nc6 9. e4 d4 10. Ne2 h6 11. h3 Qe7 12. e5 Nd5 13. Bh2 Rd8 14. Ng3 Ncb4 15. Ne4 Nxd3 16. cxd3 b6 17. a3 a5 18. Rc1 Ba6 19. Qd2 a4 20. Nd6 Qd7 21.
Qe2 f5 22. Nh4 Ra7 23. Ng6 Kh7 24. Nf4 Nxf4 25. Bxf4 Rc7 26. Bh2 Rc6 27. Kh1 Qc7 28.
g4 Rf8 29. gxf5 exf5 30. Rg1 g5 31. h4 g4 32. Bf4 Qe7 33. Kg2 Rxd6 34. Qd2 Re6 35.
Rce1 Qxh4 36. f3 Qh3+ 37. Kf2 Qxf3# 0-1

[Event "*** Titled Tuesday Blitz"]
[Site "Chess.com"]
[Date "2020.12.29"]
[Round "3"]
[White "chessablanca"]
[Black "platy3"]
[Result "0-1"]
[WhiteElo "2614"]
[BlackElo "2839"]
[TimeControl "180+1"]
[EndTime "10:27:54 PST"]
[Termination "platy3 won by resignation"]

1. Nf3 Nf6 2. g3 d5 3. Bg2 c5 4. O-O e6 5. e3 Nc6 6. c4 dxc4 7.
Qa4 Bd6 8. Nc3 O-O 9. Qxc4 a6 10. d4 b5 11. Qe2 Bb7 12. Rd1 Qe7 13. dxc5 Bxc5 14.
e4 Ng4 15. Rf1 Rfd8 16. Bf4 Rac8 17. h3 Nf6 18. Rad1 Nh5 19. Be3 Nf6 20. e5 Nd7 21.
Bg5 f6 22. Bh4 Ncxe5 23. Nxe5 Nxe5 24. Rxd8+ Rxd8 25. Qxe5 Bxg2 26. Kxg2 fxe5 27. Bxe7 Bxe7 28. Re1 Rd2 29. Rxe5 Rxb2 30. Rxe6 Bf6 31. Ne4 Rxa2 32. Nxf6+ gxf6 33. Rxf6 b4 34. Rb6 a5 35. g4 Ra3 36. h4 b3 37. f4 a4 38. f5 Ra2+ 39. Kf3 b2 40. g5 Ra3+ 41. Kf4 Rb3 42. Ra6 b1=Q 43. f6 Rb4+ 44. Ke5 Qe4+ 0-1

[Event "*** Titled Tuesday Blitz"]
[Site "Chess.com"]
[Date "2020.12.29"]
[Round "3"]
[White "Nafania1"]
[Black "UCantHandleDenker"]
[Result "0-1"]
[WhiteElo "2381"]
[BlackElo "2582"]
[TimeControl "180+1"]
[EndTime "10:27:54 PST"]
[Termination "UCantHandleDenker won by checkmate"]

1. e4 d6 2. d4 Nf6 3. Bd3 g6 4. Nf3 Bg7 5. O-O O-O 6. Re1 Nc6 7. c3 e5 8. h3 Bd7 9. Na3 a6 10. Nc2 Re8 11. d5 Ne7 12. c4 h6 13. Be3 Kh8 14. Rc1 b6 15. b4 a5 16. a3 axb4 17. axb4 Neg8 18. c5 bxc5 19. bxc5 Nh7 20. cxd6 cxd6 21.
Nb4 f5 22. Nc6 Qf6 23. Rb1 f4 24. Bd2 g5 25. Nh2 Qg6 26. Rb7 Nhf6 27. Ng4 Bc8 28. Rc7 h5 29. Nxf6 Bxf6 30. f3 g4 31. hxg4 hxg4 32.
fxg4 Bxg4 33. Be2 Nh6 34. Bxg4 Nxg4 35. Qf3 Rg8 36. Qh3+ Qh6 37. Qxh6+ Nxh6 38. Rf1 Ra2 39. Rf2 Bh4 40. Be1 Bxf2+ 41. Bxf2 Ra1+ 42. Kh2 Ng4+ 43. Kh3 Rh1# 0-1

[Event "*** Titled Tuesday Blitz"]
[Site "Chess.com"]
[Date "2020.12.29"]
[Round "3"]
[White "GMJustin"]
[Black "Euge_chess"]
[Result "0-1"]
[WhiteElo "2299"]
[BlackElo "2076"]
[TimeControl "180+1"]
[EndTime "10:27:54 PST"]
[Termination "Euge_chess won on time"]

1. e4 e5 2. d4 exd4 3. c3 dxc3 4.
Bc4 d6 5. Nxc3 Nf6 6. Nge2 Be7 7. O-O O-O 8. Nf4 Nc6 9. f3 Ne5 10. Bb3 c6 11. Be3 b5 12. a4 b4 13. Nce2 Ba6 14.
Rc1 g5 15. Nh3 h6 16. Qd2 d5 17. Bxg5 dxe4 18. Qxd8 Raxd8 19. Bxf6 Bxf6 20. fxe4 Bg7 21.
Nhf4 Nd3 22. Nxd3 Bxd3 23. Rf2 Bxb2 24. Rxc6 Bxe4 25. Rxh6 Rd3 26. Bc2 Re3 27. Bxe4 Rxe4 28. h3 Rb8 29. Ng3 Re1+ 30. Kh2 Be5 31. Rh4 b3 32.
Rg4+ Kf8 0-1

[Event "*** Titled Tuesday Blitz"]
[Site "Chess.com"]
[Date "2020.12.29"]
[Round "3"]
[White "Anna_ChessMate"]
[Black "atalz0"]
[Result "1-0"]
[WhiteElo "2553"]
[BlackElo "2363"]
[TimeControl "180+1"]
[EndTime "10:27:56 PST"]
[Termination "Anna_ChessMate won on time"]

1. d4 d5 2. c4 e6 3. Nf3 a6 4. cxd5 exd5 5. Nc3 h6 6. Bf4 Nf6 7. e3 Bd6 8. Bxd6 Qxd6 9. Bd3 O-O 10. h3 Be6 11.
O-O Nbd7 12. Rc1 Rfd8 13. Qc2 Rac8 14. Rfd1 c5 15. dxc5 Nxc5 16. Qe2 Qb6 17. Bb1 Nce4 18. Nxe4 dxe4 19. Nd4 Rxc1 20. Rxc1 Rc8 21. Rxc8+ Bxc8 22. Qc4 Bd7 23. b4 Qd6 24. a3 g6 25. Ba2 Be8 26.
Qc8 Qd7 27. Qb8 Kg7 28. Qe5 Qa4 29. Bd5 Qxa3 30. g4 Qc1+ 31. Kg2 Qc8 32. Bxe4 Bd7 33. f4 Bxg4 34. hxg4 Qxg4+ 35. Kf2 Qh4+ 36. Ke2 Kh7 37. Nf3 1-0

[Event "*** Titled Tuesday Blitz"]
[Site "Chess.com"]
[Date "2020.12.29"]
[Round "3"]
[White "Everyfishknows"]
[Black "nitpicker"]
[Result "0-1"]
[WhiteElo "2399"]
[BlackElo "2252"]
[TimeControl "180+1"]
[EndTime "10:27:56 PST"]
[Termination "nitpicker won on time"]

1. d4 Nf6 2. c4 e6 3. Nc3 Bb4 4. Qc2 c5 5. Nf3 cxd4 6. Nxd4 a6 7. g3 Qc7 8. Qb3 Bc5 9. Qd1 Ba7 10. Qd3 d6 11.
Bg2 Nbd7 12. O-O Ne5 13. Qd1 Nxc4 14. b3 Ne5 15. Bb2 O-O 16. Rc1 Qe7 17. Ba3 Bc5 18. Bxc5 dxc5 19. Nf3 Nc6 20. Na4 Nd7 21. Qc2 b6 22. h4 Bb7 23. Rfd1 Nb4 24. Qd2 Rfd8 25. a3 Nc6 26. Qe3 Rac8 27. h5 h6 28. Rd2 Na5 29.
Nh2 Bxg2 30. Kxg2 Nc6 31. Ng4 f5 32. Nh2 Nd4 33. Nf3 e5 34. Nxd4 cxd4 35. Rxd4 Qxa3 0-1

[Event "*** Titled Tuesday Blitz"]
[Site "Chess.com"]
[Date "2020.12.29"]
[Round "3"]
[White "jens1102"]
[Black "FishThatRoared"]
[Result "1-0"]
[WhiteElo "2376"]
[BlackElo "2103"]
[TimeControl "180+1"]
[EndTime "10:27:57 PST"]
[Termination "jens1102 won by resignation"]

1. Nf3 b6 2. c4 Bb7 3. Nc3 f5 4. d4 e6 5. d5 Nf6 6. dxe6 Bb4 7.
exd7+ Nbxd7 8. Bd2 O-O 9. e3 Qe7 10. Be2 Rad8 11. O-O Ne5 12. Nd4 g6 13. Qe1 Qf7 14. a3 Bxc3 15. Bxc3 Nxc4 16. Nf3 Ne4 17. Rd1 Nxc3 18. Qxc3 Nd6 19. Rc1 c5 20. Rfd1 Ne4 21. Qc4 Bd5 22. Qa4 Kh8 23. b4 c4 24. Ne5 Qe6 25. Nxc4 Bxc4 26. Bxc4 Nc3 27. Rxc3 Rxd1+ 28. Qxd1 Qe5 29. Qd4 Qxd4 30. exd4 Re8 31. Kf1 Kg7 32. Re3 Re7 33. Rxe7+ 1-0

[Event "*** Titled Tuesday Blitz"]
[Site "Chess.com"]
[Date "2020.12.29"]
[Round "3"]
[White "Fortitudine"]
[Black "mbachez"]
[Result "0-1"]
[WhiteElo "2360"]
[BlackElo "2543"]
[TimeControl "180+1"]
[EndTime "10:27:58 PST"]
[Termination "mbachez won on time"]

1. c4 e5 2. g3 Nf6 3. Bg2 Bc5 4. Nc3 O-O 5. Nf3 Re8 6. O-O d6 7. d3 c6 8. Bg5 h6 9. Bxf6 Qxf6 10. Ne4 Qe7 11. Nxc5 dxc5 12. Nd2 Nd7 13. Rb1 Nf8 14. a3 Bg4 15. h3 Bh5 16. b4 Ne6 17. Ne4 cxb4 18. axb4 Nd4 19. g4 Bg6 20. e3 Ne6 21. Qc2 Red8 22. Rfd1 Qh4 23. Qc3 Bxe4 24. dxe4 f6 25.
Qe1 Ng5 26. Kh2 h5 27. f4 Qxe1 28. Rxe1 exf4 29. exf4 Ne6 30. f5 Nf4 31. Re3 Rd2 32. Rg1 h4 33. Kh1 Rad8 34. e5 fxe5 35. Rxe5 R8d3 36.
Rf1 Nxg2 37. f6 Rxh3+ 38. Kg1 gxf6 39. Rxf6 Re3 40. Rg5+ Kh7 0-1

[Event "*** Titled Tuesday Blitz"]
[Site "Chess.com"]
[Date "2020.12.29"]
[Round "3"]
[White "StellarChessPro"]
[Black "NovikovaGalina"]
[Result "0-1"]
[WhiteElo "2486"]
[BlackElo "2248"]
[TimeControl "180+1"]
[EndTime "10:27:58 PST"]
[Termination "NovikovaGalina won by checkmate"]

1. d4 d5 2. e4 e6 3. Nc3 Bb4 4.
exd5 exd5 5. Nf3 Nf6 6. Bd3 Bg4 7. h3 Bh5 8. Bg5 O-O 9. O-O c6 10. g4 Bg6 11. Ne5 Bxd3 12. Qxd3 Be7 13. Bxf6 Bxf6 14. f4 Nd7 15. g5 Bxe5 16. dxe5 Qb6+ 17. Kh1 Nc5 18. Qd4 Ne6 19. Qxb6 axb6 20. h4 Nd4 21.
Rac1 b5 22. a3 Nf5 23. Kh2 Nxh4 24. f5 g6 25. f6 Rfe8 26. Rce1 Re6 27. Kg3 Nf5+ 28.
Rxf5 gxf5 29. Kf4 d4 30. Ne2 Rd8 31. Ng3 d3 32. cxd3 Rxd3 33. Nxf5 Rd2 34. b4 Rd3 35. Rh1 Rd2 36. Rh3 Rf2+ 37. Ke4 Re2+ 38. Re3 Rxe3+ 39.
Nxe3 Re8 40. Nf5 Ra8 41. Nd6 b6 42. e6 fxe6 43. Ke5 Rxa3 44. Kxe6 Re3+ 45. Kf5 c5 46.
bxc5 bxc5 47. Nxb5 c4 48. Kf4 Rh3 49. Kg4 Rb3 50.
Nd4 Rd3 51. Nf5 c3 52. Nh6+ Kf8 53. g6 hxg6 54. Kg5 c2 55. Ng4 c1=Q+ 56. Kxg6 Rg3 57. f7 Rxg4+ 58. Kh5 Rg2 59. Kh4 Qh1# 0-1

[Event "*** Titled Tuesday Blitz"]
[Site "Chess.com"]
[Date "2020.12.29"]
[Round "3"]
[White "Tagliata"]
[Black "bogcsab"]
[Result "0-1"]
[WhiteElo "2290"]
[BlackElo "1999"]
[TimeControl "180+1"]
[EndTime "10:27:58 PST"]
[Termination "bogcsab won by resignation"]

1. e4 d6 2. Nc3 Nf6 3. d4 g6 4. Be2 Bg7 5. Be3 c6 6. g4 b5 7. g5 Nfd7 8. h4 h5 9. f4 b4 10. Nb1 Nb6 11. Nf3 Bg4 12. Nbd2 N8d7 13. O-O e5 14. dxe5 dxe5 15. f5 gxf5 16. exf5 Bxf5 17.
Nxe5 Bxc2 18. Qxc2 Nxe5 19. Ne4 Nd5 20. Bc5 Bf8 21.
Rad1 Bxc5+ 22. Qxc5 Qb6 23. Rxd5 cxd5 24. Bb5+ Kd8 25.
Qxb6+ axb6 26. Nf6 d4 27. Re1 Nf3+ 28. Kf2 Nxe1 29.
Kxe1 Rxa2 30. Bc4 Rxb2 31. Bxf7 Rf8 32. g6 Rxf7 33. gxf7 Ke7 0-1

[Event "*** Titled Tuesday Blitz"]
[Site "Chess.com"]
[Date "2020.12.29"]
[Round "3"]
[White "vlad_Sid"]
[Black "area_5"]
[Result "1-0"]
[WhiteElo "2580"]
[BlackElo "2777"]
[TimeControl "180+1"]
[EndTime "10:27:59 PST"]
[Termination "vlad_Sid won by resignation"]

1. c4 Nf6 2. g3 g6 3. Bg2 Bg7 4. Nc3 O-O 5. d3 c5 6. Nf3 Nc6 7. O-O a6 8. a3 Rb8 9. Rb1 b5 10.
cxb5 axb5 11. b4 cxb4 12. axb4 e5 13. Bg5 d5 14. Nd2 Be6 15. Bxf6 Bxf6 16. e4 dxe4 17.
dxe4 Qd4 18. Nd5 Bxd5 19. exd5 Nxb4 20. Qb3 Nxd5 21. Ne4 Qc4 22. Rfd1 Kg7 23. Rxd5 Qxb3 24. Rxb3 Rfc8 25. Nxf6 Rc1+ 26. Bf1 Kxf6 27. Rdxb5 Rxb5 28. Rxb5 Rc7 29. Kg2 Re7 30. Rb6+ Kg7 31. Bc4 Rc7 32.
Bd5 Rd7 33. Bf3 Re7 34. Rb7 Re8 35. Bd5 Rf8 36. Kf3 Kf6 37. Ke4 h6 38. Rb6+ Kg5 39.
h4+ Kg4 40. Kxe5 g5 41. Rb4+ Kh3 42. hxg5 hxg5 43. Kf5 g4 44. Rxg4 Rh8 45. Rh4+ Rxh4 46. gxh4 Kxh4 47. Bxf7 1-0

[Event "*** Titled Tuesday Blitz"]
[Site "Chess.com"]
[Date "2020.12.29"]
[Round "3"]
[White "brunomorado"]
[Black "Kazmin_Dmitrij"]
[Result "0-1"]
[WhiteElo "2412"]
[BlackElo "2263"]
[TimeControl "180+1"]
[EndTime "10:28:00 PST"]
[Termination "Kazmin_Dmitrij won on time"]

1. d4 f5 2. e4 fxe4 3. Nc3 Nf6 4. Bg5 Nc6 5. d5 Ne5 6. Bxf6 exf6 7. Nxe4 f5 8. Nc3 Bc5 9. Nf3 Ng4 10. Qe2+ Kf7 11.
O-O-O Re8 12. Qc4 d6 13. Qf4 Bxf2 14. Kb1 Be3 15. Qg3 f4 16. Qh4 Qxh4 17. Nxh4 Nf2 18. Bd3 Nxd1 19. Rxd1 Kg8 20. Rf1 g5 21. Nf3 h6 22.
Ne2 c5 23. h4 Bg4 24. hxg5 Bxf3 25. Rxf3 hxg5 26. Rh3 Re7 27. Rh6 Rd8 28. a4 Rg7 29. Nc3 g4 30. Ne4 f3 31. gxf3 g3 0-1